Anaheim Ducks vs Montreal Canadiens
Created - Tuesday, May 6, 2025 at 09:17
Goals
|
| Anaheim Ducks |
2 |
2 |
2 |
6 |
| Montreal Canadiens |
1 |
2 |
0 |
3 |
|
Shots
|
| Anaheim Ducks |
12 |
14 |
11 |
37 |
| Montreal Canadiens |
4 |
16 |
9 |
29 |
|
1st period
1. Montreal Canadiens , Dylan Larkin 38 (Andreas Athanasiou 6) at 10:19
2. Anaheim Ducks , William Nylander 32 (John Tavares 39) at 11:25 (PP)
3. Anaheim Ducks , William Nylander 33 (Jakob Chychrun 4, John Tavares 40) at 12:32 (PP)
Penalties :
Jayden Struble (MTL) for High sticking (Minor) at 11:16, Martin Necas (MTL) for Holding Stick (Minor) at 12:00
2nd period
4. Montreal Canadiens , Dylan Larkin 39 (Juraj Slafkovsky 18, Martin Necas 37) at 7:43 (PP)
5. Anaheim Ducks , Alexandre Texier 5 (Luke Evangelista 9, Joshua Morrissey 24) at 11:59
6. Montreal Canadiens , Dylan Larkin 40 (Vladimir Tarasenko 39, Juraj Slafkovsky 19) at 19:20
7. Anaheim Ducks , William Nylander 34 (Morgan Rielly 17, Ivan Provorov 20) at 19:34
Penalties :
Brayden Schenn (ANA) for Tripping (Minor) at 6:45, Ilya Lyubushkin (MTL) for High sticking (Minor) at 13:59
3rd period
8. Anaheim Ducks , J.T. Compher 10 (Alex Killorn 20, Chandler Stephenson 17) at 4:26
9. Anaheim Ducks , Alex Killorn 17 (Chandler Stephenson 18, Ivan Provorov 21) at 8:00
Penalties :
Teddy Blueger (MTL) for Boarding (Minor) at 18:14
Goalie Stats
James Reimer (ANA), 26 saves from 29 shots - (0.897), W, 6-1-3, 60:00 minutes
David Rittich (MTL), 31 saves from 37 shots - (0.838), L, 10-24-2, 60:00 minutes
Players Stats for Anaheim Ducks
Player Name G A P +/- PIM S H SB GA TA FO MP PP MP PK MP
------------------------------------------------------------------------------------
Alex Killorn 1 1 2 2 0 4 1 0 0 0 0/0 13:47 1:43 0:00
Alexandre Texier 1 0 1 1 0 4 1 0 0 0 0/0 9:19 0:00 0:48
Alexey Toropchenko 0 0 0 1 0 1 0 0 0 1 0/0 8:31 0:00 0:00
Brayden Schenn 0 0 0 -2 2 2 1 1 0 0 0/0 18:48 2:42 0:00
Brenden Dillon 0 0 0 0 0 1 0 1 0 3 0/0 14:06 0:00 0:10
Chandler Stephenson 0 2 2 2 0 5 0 0 0 1 3/4 12:01 0:00 0:00
Esa Lindell 0 0 0 2 0 1 0 1 0 0 0/0 22:24 0:00 0:48
Ivan Provorov 0 2 2 0 0 3 2 6 0 0 0/0 21:36 1:43 0:48
J.T. Compher 1 0 1 2 0 3 1 0 0 1 1/3 12:59 0:00 0:58
Jakob Chychrun 0 1 1 0 0 0 2 2 0 0 0/0 16:38 2:42 0:00
John Tavares 0 2 2 1 0 4 4 0 0 0 4/8 20:47 2:42 0:10
Joshua Morrissey 0 1 1 2 0 1 2 1 1 1 0/0 24:28 2:42 0:10
Luke Evangelista 0 1 1 1 0 1 0 1 0 0 0/0 8:31 0:00 0:00
Mark Scheifele 0 0 0 -2 0 0 1 0 0 1 4/7 17:53 1:43 0:00
Mason Marchment 0 0 0 -2 0 1 1 0 1 2 0/1 16:07 0:00 0:00
Morgan Rielly 0 1 1 0 0 0 1 0 0 1 0/0 20:48 1:43 0:00
Nazem Kadri 0 0 0 1 0 0 1 0 5 0 16/29 19:41 1:43 0:00
William Nylander 3 0 3 1 0 6 2 0 0 0 2/3 20:37 2:42 0:00
Players Stats for Montreal Canadiens
Player Name G A P +/- PIM S H SB GA TA FO MP PP MP PK MP
------------------------------------------------------------------------------------
Adam Fox 0 0 0 0 0 1 3 4 1 0 0/0 27:26 0:48 2:19
Alex Iafallo 0 0 0 -1 0 0 1 0 1 0 0/0 9:10 0:00 1:50
Andreas Athanasiou 0 1 1 -1 0 0 0 0 0 0 1/4 9:10 0:00 1:50
Brady Skjei 0 0 0 1 0 3 2 2 0 1 0/0 27:14 0:10 2:37
Damon Severson 0 0 0 -2 0 0 2 1 0 1 0/0 19:47 0:48 2:06
Dylan Larkin 3 0 3 1 0 7 1 0 1 1 14/26 18:54 0:10 0:00
Ethen Frank 0 0 0 -1 0 0 2 0 0 0 0/2 7:20 0:00 0:00
Evgeni Dadonov 0 0 0 -1 0 0 2 0 2 0 0/0 11:39 0:00 0:54
Ilya Lyubushkin 0 0 0 -2 2 1 1 3 0 0 0/0 18:24 0:10 0:56
Jack Johnson 0 0 0 0 0 0 0 0 0 1 0/0 14:09 0:00 0:44
Jake Evans 0 0 0 -1 0 1 2 0 0 0 0/1 12:42 0:00 2:23
Jayden Struble 0 0 0 -1 2 1 2 1 0 0 0/0 13:24 0:00 0:08
Juraj Slafkovsky 0 2 2 1 0 1 0 1 1 0 0/2 19:06 0:10 0:12
Martin Necas 0 1 1 -1 2 2 4 1 4 0 0/0 17:57 0:10 0:00
Patrik Laine 0 0 0 -1 0 7 1 0 1 1 0/0 19:14 0:48 0:12
Ryan Poehling 0 0 0 -1 0 2 0 0 0 0 1/3 10:19 0:00 0:00
Teddy Blueger 0 0 0 -1 2 0 1 0 0 1 9/17 20:04 0:48 1:29
Vladimir Tarasenko 0 1 1 1 0 3 0 0 0 1 0/0 19:32 0:48 0:00
3 Stars
1 - William Nylander (ANA)
2 - Dylan Larkin (MTL)
3 - Alex Killorn (ANA)
Power Play
Anaheim Ducks - 2 on 4 Attempt(s) - 50.00%
Montreal Canadiens - 1 on 1 Attempt(s) - 100.00%
Penalty Kill
Anaheim Ducks - 0 on 1 Attempt(s) - 0.00%
- Score 0 goal in Penalty Kill
Montreal Canadiens - 2 on 4 Attempt(s) - 50.00%
- Score 0 goal in Penalty Kill
Team Stat
Anaheim Ducks - Hits : 20 - Faceoff Wins : 30 - Blocked Shots : 13 - Penalty Minutes : 2
Montreal Canadiens - Hits : 24 - Faceoff Wins : 25 - Blocked Shots : 13 - Penalty Minutes : 8
Official
Referees : Chris Rooney and Cody Beach
Linesman : Travis Gawryletz and Steve Barton
Game Notes
Dylan Larkin has scored a Hat Trick!
William Nylander has scored a Hat Trick!
Finance
Level 1 -- Attendance: 5798 (96.63%) -- Ticket Income $539,214
Level 2 -- Attendance: 5000 (100.00%) -- Ticket Income $265,000
Level 3 -- Attendance: 2985 (99.50%) -- Ticket Income $95,520
Level 4 -- Attendance: 4754 (95.08%) -- Ticket Income $104,588
Luxury Box -- Attendance: 772 (77.20%) -- Ticket Income $150,540
Game was played at the Bell Centre.
Total Attendance: 19309 (96.55%)
Total Ticket Income: $1,154,862
Other Income: $404,202
Total Income: $1,559,064
Anaheim Ducks
5 vs 5 Forward
Center Left Wing Right Wing Time % Phy DF OF
1 Nazem Kadri John Tavares William Nylander 40 1 2 2
2 Mark Scheifele Brayden Schenn Mason Marchment 30 1 2 2
3 Chandler Stephenson J.T. Compher Alex Killorn 20 1 2 2
4 Alexandre Texier Alexey Toropchenko Luke Evangelista 10 1 2 2
5 vs 5 Defense
Defense Defense Time % Phy DF OF
1 Esa Lindell Joshua Morrissey 40 1 2 2
2 Ivan Provorov Morgan Rielly 35 1 2 2
3 Brenden Dillon Jakob Chychrun 25 1 2 2
4 Esa Lindell Ivan Provorov 0 1 2 2
PowerPlay Forward
Center Left Wing Right Wing Time % Phy DF OF
1 John Tavares Brayden Schenn William Nylander 60 1 1 3
2 Nazem Kadri Alex Killorn Mark Scheifele 40 1 1 3
PowerPlay Defense
Defense Defense Time % Phy DF OF
1 Jakob Chychrun Joshua Morrissey 60 1 1 3
2 Ivan Provorov Morgan Rielly 40 1 2 2
Penalty Kill 4 Players Forward
Center Wing Time % Phy DF OF
1 J.T. Compher Brayden Schenn 60 1 3 1
2 Chandler Stephenson Alex Killorn 40 1 3 1
Penalty Kill 4 Players Defense
Defense Defense Time % Phy DF OF
1 Esa Lindell Ivan Provorov 60 1 3 1
2 Joshua Morrissey Brenden Dillon 40 1 3 1
Penalty Kill - 3 Players Forward
Forward Time % Phy DF OF
1 J.T. Compher 60 1 4 0
2 Brayden Schenn 40 1 4 0
Penalty Kill - 3 Players Defense
Defense Defense Time % Phy DF OF
1 Esa Lindell Ivan Provorov 60 1 4 0
2 Joshua Morrissey Brenden Dillon 40 1 4 0
4 vs 4 Forward
Center Wing Time % Phy DF OF
1 Mark Scheifele William Nylander 60 1 2 2
2 Nazem Kadri John Tavares 40 1 2 2
4 vs 4 Defense
Defense Defense Time % Phy DF OF
1 Esa Lindell Joshua Morrissey 60 1 2 2
2 Morgan Rielly Ivan Provorov 40 1 2 2
Last Minutes Offensive
Center Left Wing Right Wing Defense Defense
Nazem Kadri John Tavares William Nylander Joshua Morrissey Morgan Rielly
Last Minutes Defensive
Center Left Wing Right Wing Defense Defense
J.T. Compher Alex Killorn Brayden Schenn Ivan Provorov Esa Lindell
Goaltenders
Starting : James Reimer
Backup : Linus Ullmark
Extra Forwards
Normal : William Nylander, John Tavares, Brayden Schenn - PP : Nazem Kadri, William Nylander - PK : J.T. Compher
Extra Defensemen
Normal : Esa Lindell, Morgan Rielly, Brenden Dillon - PP : Joshua Morrissey - PK : Esa Lindell, Ivan Provorov
Penalty Shots
Alexandre Texier, Brenden Dillon, Mark Scheifele, John Tavares, Brayden Schenn
Scratches
Josh Manson (Healthy)
Montreal Canadiens
5 vs 5 Forward
Center Left Wing Right Wing Time % Phy DF OF
1 Dylan Larkin Juraj Slafkovsky Vladimir Tarasenko 35 0 2 3
2 Teddy Blueger Patrik Laine Martin Necas 35 0 2 3
3 Ryan Poehling Evgeni Dadonov Jake Evans 20 1 2 2
4 Ethen Frank Alex Iafallo Andreas Athanasiou 10 1 2 2
5 vs 5 Defense
Defense Defense Time % Phy DF OF
1 Adam Fox Brady Skjei 35 1 3 1
2 Damon Severson Ilya Lyubushkin 30 1 3 1
3 Jayden Struble Jack Johnson 20 1 3 1
4 Adam Fox Brady Skjei 15 1 3 1
PowerPlay Forward
Center Left Wing Right Wing Time % Phy DF OF
1 Dylan Larkin Juraj Slafkovsky Martin Necas 50 0 0 5
2 Teddy Blueger Vladimir Tarasenko Patrik Laine 50 0 0 5
PowerPlay Defense
Defense Defense Time % Phy DF OF
1 Damon Severson Adam Fox 50 0 0 5
2 Brady Skjei Ilya Lyubushkin 50 0 0 5
Penalty Kill 4 Players Forward
Center Wing Time % Phy DF OF
1 Jake Evans Teddy Blueger 50 0 5 0
2 Andreas Athanasiou Alex Iafallo 50 0 5 0
Penalty Kill 4 Players Defense
Defense Defense Time % Phy DF OF
1 Adam Fox Brady Skjei 50 0 5 0
2 Damon Severson Ilya Lyubushkin 50 0 5 0
Penalty Kill - 3 Players Forward
Forward Time % Phy DF OF
1 Jake Evans 50 0 5 0
2 Teddy Blueger 50 0 5 0
Penalty Kill - 3 Players Defense
Defense Defense Time % Phy DF OF
1 Adam Fox Brady Skjei 50 0 5 0
2 Damon Severson Ilya Lyubushkin 50 0 5 0
4 vs 4 Forward
Center Wing Time % Phy DF OF
1 Dylan Larkin Martin Necas 50 1 2 2
2 Jake Evans Vladimir Tarasenko 50 1 2 2
4 vs 4 Defense
Defense Defense Time % Phy DF OF
1 Damon Severson Adam Fox 50 1 3 1
2 Brady Skjei Ilya Lyubushkin 50 1 3 1
Last Minutes Offensive
Center Left Wing Right Wing Defense Defense
Dylan Larkin Juraj Slafkovsky Martin Necas Adam Fox Brady Skjei
Last Minutes Defensive
Center Left Wing Right Wing Defense Defense
Dylan Larkin Teddy Blueger Jake Evans Adam Fox Brady Skjei
Goaltenders
Starting : David Rittich
Backup : Alexei Kolosov
Extra Forwards
Normal : Dylan Larkin, Juraj Slafkovsky, Martin Necas - PP : Dylan Larkin, Juraj Slafkovsky - PK : Teddy Blueger
Extra Defensemen
Normal : Brady Skjei, Damon Severson, Adam Fox - PP : Adam Fox - PK : Damon Severson, Brady Skjei
Penalty Shots
Dylan Larkin, Vladimir Tarasenko, Martin Necas, Juraj Slafkovsky, Andreas Athanasiou
Scratches
Calle Clang (Healthy)
% Time on Ice - Anaheim Ducks
Lines # - Real PCT - Wanted PCT - Time Play
Normal Forward
1 - 33% - 40% - 17:55
2 - 30% - 30% - 16:10
3 - 22% - 20% - 12:01
4 - 16% - 10% - 8:31
Normal Defense
1 - 40% - 40% - 21:36
2 - 35% - 35% - 19:05
3 - 26% - 25% - 13:56
4 - 0% - 0% - 0:00
PP Forward
1 - 61% - 60% - 2:42
2 - 39% - 40% - 1:43
PP Defense
1 - 61% - 60% - 2:42
2 - 39% - 40% - 1:43
PK Forward
1 - 100% - 60% - 0:58
2 - 0% - 40% - 0:00
PK Defense
1 - 83% - 60% - 0:48
2 - 17% - 40% - 0:10
PK3 Forward
1 - 0% - 60%
2 - 0% - 40%
PK3 Defense
1 - 0% - 60%
2 - 0% - 40%
44 Forward
1 - 0% - 60%
2 - 0% - 40%
44 Defense
1 - 0% - 60%
2 - 0% - 40%
Last Minute Offensive - 0:00
Last Minute Defensive - 0:00
Total
Forward - 60:00
Defense - 60:00
|
% Time on Ice - Montreal Canadiens
Lines # - Real PCT - Wanted PCT - Time Play
Normal Forward
1 - 34% - 35% - 18:44
2 - 33% - 35% - 18:14
3 - 19% - 20% - 10:19
4 - 13% - 10% - 7:20
Normal Defense
1 - 31% - 35% - 16:46
2 - 32% - 30% - 17:27
3 - 23% - 20% - 12:43
4 - 14% - 15% - 7:41
PP Forward
1 - 17% - 50% - 0:10
2 - 83% - 50% - 0:48
PP Defense
1 - 83% - 50% - 0:48
2 - 17% - 50% - 0:10
PK Forward
1 - 57% - 50% - 2:32
2 - 43% - 50% - 1:53
PK Defense
1 - 46% - 50% - 2:01
2 - 54% - 50% - 2:24
PK3 Forward
1 - 0% - 50%
2 - 0% - 50%
PK3 Defense
1 - 0% - 50%
2 - 0% - 50%
44 Forward
1 - 0% - 50%
2 - 0% - 50%
44 Defense
1 - 0% - 50%
2 - 0% - 50%
Last Minute Offensive - 0:00
Last Minute Defensive - 0:00
Total
Forward - 60:00
Defense - 60:00
|
Play-by-Play
1st period
0:01 of 1st period - Dylan Larkin wins face-off versus John Tavares in neutral zone.
0:06 of 1st period - Wrist shot by Vladimir Tarasenko.
0:06 of 1st period - Stopped by James Reimer with a rebound.
0:33 of 1st period - Icing by Mark Scheifele.
0:34 of 1st period - Teddy Blueger wins face-off versus Mark Scheifele in Anaheim Ducks zone.
0:45 of 1st period - Snap shot by Patrik Laine.
0:45 of 1st period - Shot Misses the Net.
0:59 of 1st period - J.T. Compher is hit by Evgeni Dadonov and loses puck.
1:24 of 1st period - Morgan Rielly is hit by Jayden Struble.
1:52 of 1st period - Juraj Slafkovsky is hit by John Tavares and loses puck.
2:35 of 1st period - Wrist shot by Luke Evangelista.
2:35 of 1st period - Shot Misses the Net.
2:37 of 1st period - Snap shot by Alexey Toropchenko.
2:37 of 1st period - Stopped by David Rittich with a rebound.
4:10 of 1st period - Snap shot by Alex Iafallo.
4:10 of 1st period - Shot Blocked by Jakob Chychrun.
4:34 of 1st period - Snap shot by Chandler Stephenson.
4:34 of 1st period - Stopped by David Rittich without a rebound.
4:35 of 1st period - Nazem Kadri wins face-off versus Dylan Larkin in Montreal Canadiens zone.
4:36 of 1st period - Wrist shot by John Tavares.
4:36 of 1st period - Stopped by David Rittich without a rebound.
4:37 of 1st period - Nazem Kadri wins face-off versus Dylan Larkin in Montreal Canadiens zone.
5:10 of 1st period - Slapshot by Adam Fox.
5:10 of 1st period - Deflect By Evgeni Dadonov.
5:10 of 1st period - Shot Hit the Post.
5:10 of 1st period - Puck is out of play.
5:11 of 1st period - Mark Scheifele wins face-off versus Ryan Poehling in Anaheim Ducks zone.
5:49 of 1st period - Wrist shot by Martin Necas.
5:49 of 1st period - Shot Misses the Net.
6:52 of 1st period - Snap shot by Mark Scheifele.
6:52 of 1st period - Shot Misses the Net.
7:33 of 1st period - Wrist shot by John Tavares.
7:33 of 1st period - Stopped by David Rittich without a rebound.
7:34 of 1st period - Teddy Blueger wins face-off versus Mark Scheifele in Montreal Canadiens zone.
7:47 of 1st period - Snap shot by Mason Marchment.
7:47 of 1st period - Shot Misses the Net.
7:49 of 1st period - Wrist shot by Mason Marchment.
7:49 of 1st period - Shot Misses the Net.
7:59 of 1st period - Adam Fox is hit by John Tavares and loses puck.
8:41 of 1st period - Snap shot by Mason Marchment.
8:41 of 1st period - Stopped by David Rittich with a rebound.
9:01 of 1st period - Ivan Provorov is hit by Martin Necas and loses puck.
9:08 of 1st period - Snap shot by Morgan Rielly.
9:08 of 1st period - Shot Misses the Net.
9:10 of 1st period - Wrist shot by Alexandre Texier.
9:10 of 1st period - Shot Misses the Net.
9:22 of 1st period - Snap shot by Vladimir Tarasenko.
9:22 of 1st period - Shot Blocked by Brenden Dillon.
9:28 of 1st period - Juraj Slafkovsky is hit by John Tavares and loses puck.
9:47 of 1st period - Snap shot by Ryan Poehling.
9:47 of 1st period - Shot Misses the Net.
10:09 of 1st period - Backhand shot by Martin Necas.
10:09 of 1st period - Shot Misses the Net.
10:19 of 1st period - Slapshot by Dylan Larkin.
10:19 of 1st period - Goal by Dylan Larkin - Anaheim Ducks : 0 - Montreal Canadiens : 1.
10:20 of 1st period - Nazem Kadri wins face-off versus Teddy Blueger in neutral zone.
10:33 of 1st period - Slapshot by Adam Fox.
10:33 of 1st period - Stopped by James Reimer with a rebound.
10:35 of 1st period - Backhand shot by Patrik Laine.
10:35 of 1st period - Stopped by James Reimer with a rebound.
10:45 of 1st period - Dylan Larkin is hit by Brayden Schenn and loses puck.
10:54 of 1st period - Mason Marchment is hit by Dylan Larkin and loses puck.
11:16 of 1st period - Minor Penalty to Jayden Struble for High sticking.
11:17 of 1st period - John Tavares wins face-off versus Jake Evans in Montreal Canadiens zone.
11:23 of 1st period - Slapshot by William Nylander.
11:23 of 1st period - Shot Misses the Net.
11:25 of 1st period - Snap shot by William Nylander.
11:25 of 1st period - Goal by William Nylander - Anaheim Ducks : 1 - Montreal Canadiens : 1.
11:26 of 1st period - Teddy Blueger wins face-off versus Nazem Kadri in neutral zone.
11:35 of 1st period - Wrist shot by William Nylander.
11:35 of 1st period - Stopped by David Rittich without a rebound.
11:36 of 1st period - Teddy Blueger wins face-off versus Nazem Kadri in Montreal Canadiens zone.
11:53 of 1st period - Wrist shot by Nazem Kadri.
11:53 of 1st period - Shot Misses the Net.
12:00 of 1st period - Minor Penalty to Martin Necas for Holding Stick.
12:01 of 1st period - John Tavares wins face-off versus Andreas Athanasiou in Montreal Canadiens zone.
12:17 of 1st period - Wrist shot by John Tavares.
12:17 of 1st period - Stopped by David Rittich without a rebound.
12:18 of 1st period - Andreas Athanasiou wins face-off versus John Tavares in Montreal Canadiens zone.
12:32 of 1st period - Slapshot by Jakob Chychrun.
12:32 of 1st period - Deflect By William Nylander.
12:32 of 1st period - Goal by William Nylander - Anaheim Ducks : 2 - Montreal Canadiens : 1.
12:33 of 1st period - Nazem Kadri wins face-off versus Dylan Larkin in neutral zone.
12:38 of 1st period - Snap shot by John Tavares.
12:38 of 1st period - Shot Blocked by Brady Skjei.
12:50 of 1st period - Slapshot by Dylan Larkin.
12:50 of 1st period - Shot Misses the Net.
13:06 of 1st period - Esa Lindell is hit by Damon Severson and loses puck.
13:46 of 1st period - Vladimir Tarasenko is hit by Joshua Morrissey.
14:09 of 1st period - Snap shot by Luke Evangelista.
14:09 of 1st period - Stopped by David Rittich with a rebound.
14:35 of 1st period - Backhand shot by Luke Evangelista.
14:35 of 1st period - Shot Misses the Net.
14:37 of 1st period - Snap shot by Esa Lindell.
14:37 of 1st period - Stopped by David Rittich with a rebound.
14:45 of 1st period - Wrist shot by Luke Evangelista.
14:45 of 1st period - Deflect By Alexandre Texier.
14:45 of 1st period - Stopped by David Rittich without a rebound.
14:46 of 1st period - Nazem Kadri wins face-off versus Dylan Larkin in Montreal Canadiens zone.
14:51 of 1st period - Snap shot by John Tavares.
14:51 of 1st period - Shot Misses the Net.
14:56 of 1st period - Off-side.
14:57 of 1st period - Dylan Larkin wins face-off versus Nazem Kadri in neutral zone.
16:10 of 1st period - William Nylander is hit by Ethen Frank and loses puck.
16:37 of 1st period - Martin Necas is hit by Jakob Chychrun and loses puck.
16:44 of 1st period - Brady Skjei is hit by Alexandre Texier and loses puck.
16:59 of 1st period - Brenden Dillon is hit by Damon Severson and loses puck.
17:19 of 1st period - Ilya Lyubushkin is hit by Nazem Kadri and loses puck.
17:40 of 1st period - Ryan Poehling is hit by Ivan Provorov and loses puck.
17:47 of 1st period - Slapshot by Brady Skjei.
17:47 of 1st period - Shot Misses the Net.
18:04 of 1st period - Alex Killorn is hit by Brady Skjei.
18:48 of 1st period - Mason Marchment is hit by Ilya Lyubushkin and loses puck.
18:59 of 1st period - Brayden Schenn is hit by Teddy Blueger and loses puck.
Goals for this period are 2 for Anaheim Ducks vs 1 for Montreal Canadiens.
Shots for this period are 12 for Anaheim Ducks vs 4 for Montreal Canadiens.
2nd period
0:01 of 2nd period - William Nylander wins face-off versus Dylan Larkin in neutral zone.
0:26 of 2nd period - Chandler Stephenson is hit by Adam Fox and loses puck.
0:33 of 2nd period - Snap shot by Alex Killorn.
0:33 of 2nd period - Shot Misses the Net.
0:35 of 2nd period - Snap shot by Joshua Morrissey.
0:35 of 2nd period - Deflect By Alex Killorn.
0:35 of 2nd period - Shot Blocked by Adam Fox.
0:35 of 2nd period - Puck is out of play.
0:36 of 2nd period - Dylan Larkin wins face-off versus William Nylander in Montreal Canadiens zone.
0:49 of 2nd period - Wrist shot by Vladimir Tarasenko.
0:49 of 2nd period - Stopped by James Reimer with a rebound.
1:07 of 2nd period - Wrist shot by Mark Scheifele.
1:07 of 2nd period - Shot Blocked by Ilya Lyubushkin.
1:33 of 2nd period - Snap shot by Evgeni Dadonov.
1:33 of 2nd period - Shot Blocked by Ivan Provorov.
1:35 of 2nd period - Slapshot by Ryan Poehling.
1:35 of 2nd period - Shot Misses the Net.
1:37 of 2nd period - Wrist shot by Evgeni Dadonov.
1:37 of 2nd period - Deflect By J.T. Compher.
1:37 of 2nd period - Shot Misses the Net.
1:37 of 2nd period - Puck is out of play.
1:38 of 2nd period - Dylan Larkin wins face-off versus John Tavares in Anaheim Ducks zone.
1:39 of 2nd period - Snap shot by Juraj Slafkovsky.
1:39 of 2nd period - Shot Misses the Net.
1:41 of 2nd period - Slapshot by Juraj Slafkovsky.
1:41 of 2nd period - Shot Misses the Net.
1:43 of 2nd period - Slapshot by Adam Fox.
1:43 of 2nd period - Shot Misses the Net.
1:45 of 2nd period - Snap shot by Vladimir Tarasenko.
1:45 of 2nd period - Shot Misses the Net.
1:47 of 2nd period - Slapshot by Brady Skjei.
1:47 of 2nd period - Shot Blocked by Ivan Provorov.
1:49 of 2nd period - Snap shot by Vladimir Tarasenko.
1:49 of 2nd period - Stopped by James Reimer without a rebound.
1:50 of 2nd period - Dylan Larkin wins face-off versus Nazem Kadri in Anaheim Ducks zone.
1:55 of 2nd period - Wrist shot by Dylan Larkin.
1:55 of 2nd period - Stopped by James Reimer with a rebound.
2:19 of 2nd period - Wrist shot by Chandler Stephenson.
2:19 of 2nd period - Deflect By Alex Killorn.
2:19 of 2nd period - Stopped by David Rittich without a rebound.
2:20 of 2nd period - Chandler Stephenson wins face-off versus Teddy Blueger in Montreal Canadiens zone.
2:25 of 2nd period - Slapshot by J.T. Compher.
2:25 of 2nd period - Shot Blocked by Martin Necas.
3:19 of 2nd period - Wrist shot by William Nylander.
3:19 of 2nd period - Shot Misses the Net.
3:25 of 2nd period - Slapshot by William Nylander.
3:25 of 2nd period - Stopped by David Rittich with a rebound.
4:06 of 2nd period - Wrist shot by Alex Iafallo.
4:06 of 2nd period - Deflect By Ethen Frank.
4:06 of 2nd period - Shot Misses the Net.
4:06 of 2nd period - Puck is out of play.
4:07 of 2nd period - Nazem Kadri wins face-off versus Juraj Slafkovsky in Anaheim Ducks zone.
4:35 of 2nd period - Off-side.
4:36 of 2nd period - Ryan Poehling wins face-off versus Mark Scheifele in neutral zone.
4:39 of 2nd period - Joshua Morrissey is hit by Evgeni Dadonov.
5:01 of 2nd period - John Tavares is hit by Martin Necas and loses puck.
5:08 of 2nd period - Slapshot by Patrik Laine.
5:08 of 2nd period - Deflect By Martin Necas.
5:08 of 2nd period - Stopped by James Reimer with a rebound.
5:10 of 2nd period - Snap shot by Patrik Laine.
5:10 of 2nd period - Stopped by James Reimer without a rebound.
5:11 of 2nd period - Dylan Larkin wins face-off versus Mason Marchment in Anaheim Ducks zone.
5:26 of 2nd period - Wrist shot by Mark Scheifele.
5:26 of 2nd period - Shot Misses the Net.
5:57 of 2nd period - Snap shot by Dylan Larkin.
5:57 of 2nd period - Shot Misses the Net.
5:59 of 2nd period - Slapshot by Juraj Slafkovsky.
5:59 of 2nd period - Shot Misses the Net.
6:07 of 2nd period - Snap shot by Dylan Larkin.
6:07 of 2nd period - Shot Misses the Net.
6:11 of 2nd period - Snap shot by Dylan Larkin.
6:11 of 2nd period - Stopped by James Reimer without a rebound.
6:12 of 2nd period - Nazem Kadri wins face-off versus Teddy Blueger in Anaheim Ducks zone.
6:12 of 2nd period - Nazem Kadri is hit by Patrik Laine.
6:20 of 2nd period - Wrist shot by John Tavares.
6:20 of 2nd period - Shot Misses the Net.
6:45 of 2nd period - Minor Penalty to Brayden Schenn for Tripping.
6:46 of 2nd period - J.T. Compher wins face-off versus Teddy Blueger in Anaheim Ducks zone.
7:25 of 2nd period - Snap shot by Patrik Laine.
7:25 of 2nd period - Stopped by James Reimer with a rebound.
7:27 of 2nd period - Wrist shot by Teddy Blueger.
7:27 of 2nd period - Shot Misses the Net.
7:29 of 2nd period - Slapshot by Patrik Laine.
7:29 of 2nd period - Stopped by James Reimer with a rebound.
7:31 of 2nd period - Slapshot by Vladimir Tarasenko.
7:31 of 2nd period - Shot Misses the Net.
7:33 of 2nd period - Wrist shot by Patrik Laine.
7:33 of 2nd period - Stopped by James Reimer without a rebound.
7:34 of 2nd period - Dylan Larkin wins face-off versus J.T. Compher in Anaheim Ducks zone.
7:43 of 2nd period - Snap shot by Dylan Larkin.
7:43 of 2nd period - Goal by Dylan Larkin - Anaheim Ducks : 2 - Montreal Canadiens : 2.
7:44 of 2nd period - Nazem Kadri wins face-off versus Teddy Blueger in neutral zone.
8:21 of 2nd period - Snap shot by Brayden Schenn.
8:21 of 2nd period - Stopped by David Rittich without a rebound.
8:22 of 2nd period - Teddy Blueger wins face-off versus J.T. Compher in Montreal Canadiens zone.
8:27 of 2nd period - Snap shot by Martin Necas.
8:27 of 2nd period - Stopped by James Reimer without a rebound.
8:28 of 2nd period - Teddy Blueger wins face-off versus Chandler Stephenson in Anaheim Ducks zone.
8:35 of 2nd period - Snap shot by Patrik Laine.
8:35 of 2nd period - Stopped by James Reimer without a rebound.
8:36 of 2nd period - Dylan Larkin wins face-off versus Nazem Kadri in Anaheim Ducks zone.
8:39 of 2nd period - Snap shot by Juraj Slafkovsky.
8:39 of 2nd period - Shot Blocked by Jakob Chychrun.
8:41 of 2nd period - Slapshot by Brady Skjei.
8:41 of 2nd period - Stopped by James Reimer without a rebound.
8:42 of 2nd period - Nazem Kadri wins face-off versus Dylan Larkin in Anaheim Ducks zone.
9:38 of 2nd period - Snap shot by Chandler Stephenson.
9:38 of 2nd period - Stopped by David Rittich with a rebound.
9:40 of 2nd period - Snap shot by Brenden Dillon.
9:40 of 2nd period - Stopped by David Rittich with a rebound.
9:42 of 2nd period - Snap shot by Chandler Stephenson.
9:42 of 2nd period - Stopped by David Rittich without a rebound.
9:43 of 2nd period - Nazem Kadri wins face-off versus Dylan Larkin in Montreal Canadiens zone.
9:46 of 2nd period - Wrist shot by Nazem Kadri.
9:46 of 2nd period - Shot Misses the Net.
9:48 of 2nd period - Snap shot by John Tavares.
9:48 of 2nd period - Shot Misses the Net.
9:50 of 2nd period - Slapshot by Esa Lindell.
9:50 of 2nd period - Shot Misses the Net.
9:52 of 2nd period - Wrist shot by Esa Lindell.
9:52 of 2nd period - Shot Misses the Net.
9:54 of 2nd period - Wrist shot by William Nylander.
9:54 of 2nd period - Stopped by David Rittich with a rebound.
9:56 of 2nd period - Slapshot by Joshua Morrissey.
9:56 of 2nd period - Shot Blocked by Jayden Struble.
9:58 of 2nd period - Slapshot by Esa Lindell.
9:58 of 2nd period - Shot Blocked by Juraj Slafkovsky.
10:00 of 2nd period - Snap shot by John Tavares.
10:00 of 2nd period - Stopped by David Rittich with a rebound.
10:10 of 2nd period - Esa Lindell is hit by Martin Necas and loses puck.
11:39 of 2nd period - Wrist shot by Patrik Laine.
11:39 of 2nd period - Shot Misses the Net.
11:41 of 2nd period - Slapshot by Jayden Struble.
11:41 of 2nd period - Shot Misses the Net.
11:43 of 2nd period - Slapshot by Jayden Struble.
11:43 of 2nd period - Stopped by James Reimer with a rebound.
11:59 of 2nd period - Snap shot by Luke Evangelista.
11:59 of 2nd period - Deflect By Alexandre Texier.
11:59 of 2nd period - Goal by Alexandre Texier - Anaheim Ducks : 3 - Montreal Canadiens : 2.
12:00 of 2nd period - Dylan Larkin wins face-off versus Nazem Kadri in neutral zone.
12:27 of 2nd period - Brady Skjei is hit by Morgan Rielly and loses puck.
12:39 of 2nd period - Off-side.
12:40 of 2nd period - William Nylander wins face-off versus Ethen Frank in neutral zone.
12:56 of 2nd period - Damon Severson is hit by Jakob Chychrun.
13:12 of 2nd period - Snap shot by Dylan Larkin.
13:12 of 2nd period - Stopped by James Reimer without a rebound.
13:13 of 2nd period - Mark Scheifele wins face-off versus Dylan Larkin in Anaheim Ducks zone.
13:20 of 2nd period - Adam Fox is hit by Ivan Provorov and loses puck.
13:50 of 2nd period - Wrist shot by Brayden Schenn.
13:50 of 2nd period - Stopped by David Rittich without a rebound.
13:51 of 2nd period - Nazem Kadri wins face-off versus Ryan Poehling in Montreal Canadiens zone.
13:59 of 2nd period - Minor Penalty to Ilya Lyubushkin for High sticking.
14:00 of 2nd period - John Tavares wins face-off versus Andreas Athanasiou in Montreal Canadiens zone.
15:59 of 2nd period - Penalty to Ilya Lyubushkin is over, Ilya Lyubushkin is back on ice.
16:08 of 2nd period - Backhand shot by Joshua Morrissey.
16:08 of 2nd period - Deflect By Ilya Lyubushkin.
16:08 of 2nd period - Stopped by David Rittich with a rebound.
16:10 of 2nd period - Wrist shot by Luke Evangelista.
16:10 of 2nd period - Shot Misses the Net.
16:18 of 2nd period - Wrist shot by Alexandre Texier.
16:18 of 2nd period - Stopped by David Rittich with a rebound.
17:06 of 2nd period - Chandler Stephenson is hit by Martin Necas and loses puck.
17:17 of 2nd period - Jake Evans is hit by William Nylander and loses puck.
17:52 of 2nd period - Alexandre Texier is hit by Alex Iafallo and loses puck.
18:38 of 2nd period - Alex Killorn is hit by Jayden Struble.
19:20 of 2nd period - Snap shot by Dylan Larkin.
19:20 of 2nd period - Goal by Dylan Larkin - Anaheim Ducks : 3 - Montreal Canadiens : 3.
19:21 of 2nd period - Nazem Kadri wins face-off versus Juraj Slafkovsky in neutral zone.
19:26 of 2nd period - Snap shot by John Tavares.
19:26 of 2nd period - Shot Blocked by Ilya Lyubushkin.
19:28 of 2nd period - Slapshot by Ivan Provorov.
19:28 of 2nd period - Stopped by David Rittich with a rebound.
19:30 of 2nd period - Slapshot by Morgan Rielly.
19:30 of 2nd period - Shot Blocked by Damon Severson.
19:32 of 2nd period - Slapshot by William Nylander.
19:32 of 2nd period - Shot Misses the Net.
19:34 of 2nd period - Wrist shot by William Nylander.
19:34 of 2nd period - Goal by William Nylander - Anaheim Ducks : 4 - Montreal Canadiens : 3.
19:35 of 2nd period - Dylan Larkin wins face-off versus Nazem Kadri in neutral zone.
Goals for this period are 2 for Anaheim Ducks vs 2 for Montreal Canadiens.
Shots for this period are 14 for Anaheim Ducks vs 16 for Montreal Canadiens.
3rd period
0:01 of 3rd period - Nazem Kadri wins face-off versus Teddy Blueger in neutral zone.
0:26 of 3rd period - Juraj Slafkovsky is hit by Mark Scheifele.
0:52 of 3rd period - Alex Killorn is hit by Jake Evans.
1:56 of 3rd period - Off-side.
1:57 of 3rd period - Mark Scheifele wins face-off versus Dylan Larkin in neutral zone.
2:36 of 3rd period - Snap shot by Vladimir Tarasenko.
2:36 of 3rd period - Shot Misses the Net.
2:38 of 3rd period - Snap shot by Vladimir Tarasenko.
2:38 of 3rd period - Shot Misses the Net.
2:40 of 3rd period - Slapshot by Brady Skjei.
2:40 of 3rd period - Stopped by James Reimer without a rebound.
2:41 of 3rd period - Nazem Kadri wins face-off versus Teddy Blueger in Anaheim Ducks zone.
2:56 of 3rd period - Snap shot by Patrik Laine.
2:56 of 3rd period - Shot Blocked by Ivan Provorov.
3:15 of 3rd period - Wrist shot by Ryan Poehling.
3:15 of 3rd period - Stopped by James Reimer without a rebound.
3:16 of 3rd period - Teddy Blueger wins face-off versus Nazem Kadri in Anaheim Ducks zone.
4:26 of 3rd period - Slapshot by J.T. Compher.
4:26 of 3rd period - Goal by J.T. Compher - Anaheim Ducks : 5 - Montreal Canadiens : 3.
4:27 of 3rd period - Teddy Blueger wins face-off versus Nazem Kadri in neutral zone.
5:02 of 3rd period - Snap shot by Vladimir Tarasenko.
5:02 of 3rd period - Shot Blocked by Ivan Provorov.
5:10 of 3rd period - Vladimir Tarasenko is hit by Mason Marchment and loses puck.
5:21 of 3rd period - Wrist shot by Chandler Stephenson.
5:21 of 3rd period - Shot Misses the Net.
5:31 of 3rd period - Wrist shot by Alex Killorn.
5:31 of 3rd period - Stopped by David Rittich with a rebound.
6:13 of 3rd period - Wrist shot by Alexandre Texier.
6:13 of 3rd period - Shot Blocked by Adam Fox.
6:23 of 3rd period - Brady Skjei is hit by J.T. Compher and loses puck.
6:28 of 3rd period - Slapshot by Chandler Stephenson.
6:28 of 3rd period - Stopped by David Rittich with a rebound.
7:10 of 3rd period - Brady Skjei is hit by William Nylander and loses puck.
7:19 of 3rd period - Esa Lindell is hit by Adam Fox and loses puck.
7:30 of 3rd period - Snap shot by Jake Evans.
7:30 of 3rd period - Stopped by James Reimer with a rebound.
7:32 of 3rd period - Wrist shot by Ryan Poehling.
7:32 of 3rd period - Shot Blocked by Joshua Morrissey.
7:34 of 3rd period - Wrist shot by Jake Evans.
7:34 of 3rd period - Shot Blocked by Esa Lindell.
7:36 of 3rd period - Backhand shot by Damon Severson.
7:36 of 3rd period - Shot Blocked by Luke Evangelista.
7:38 of 3rd period - Slapshot by Ilya Lyubushkin.
7:38 of 3rd period - Stopped by James Reimer with a rebound.
7:52 of 3rd period - Wrist shot by Chandler Stephenson.
7:52 of 3rd period - Stopped by David Rittich with a rebound.
7:54 of 3rd period - Slapshot by Ivan Provorov.
7:54 of 3rd period - Deflect By Ilya Lyubushkin.
7:54 of 3rd period - Stopped by David Rittich with a rebound.
7:56 of 3rd period - Backhand shot by Ivan Provorov.
7:56 of 3rd period - Shot Blocked by Ilya Lyubushkin.
8:00 of 3rd period - Wrist shot by Alex Killorn.
8:00 of 3rd period - Goal by Alex Killorn - Anaheim Ducks : 6 - Montreal Canadiens : 3.
8:01 of 3rd period - Nazem Kadri wins face-off versus Dylan Larkin in neutral zone.
8:55 of 3rd period - Snap shot by J.T. Compher.
8:55 of 3rd period - Shot Misses the Net.
9:15 of 3rd period - Snap shot by Alexandre Texier.
9:15 of 3rd period - Stopped by David Rittich without a rebound.
9:16 of 3rd period - Nazem Kadri wins face-off versus Dylan Larkin in Montreal Canadiens zone.
10:24 of 3rd period - Luke Evangelista is hit by Ethen Frank and loses puck.
10:30 of 3rd period - Off-side.
10:31 of 3rd period - Dylan Larkin wins face-off versus Nazem Kadri in neutral zone.
10:58 of 3rd period - Brenden Dillon is hit by Adam Fox and loses puck.
11:26 of 3rd period - Slapshot by J.T. Compher.
11:26 of 3rd period - Stopped by David Rittich without a rebound.
11:27 of 3rd period - Chandler Stephenson wins face-off versus Ethen Frank in Montreal Canadiens zone.
11:36 of 3rd period - Wrist shot by Chandler Stephenson.
11:36 of 3rd period - Shot Blocked by Adam Fox.
11:38 of 3rd period - Snap shot by Ivan Provorov.
11:38 of 3rd period - Shot Misses the Net.
11:40 of 3rd period - Wrist shot by Alex Killorn.
11:40 of 3rd period - Shot Blocked by Adam Fox.
11:44 of 3rd period - Slapshot by Alex Killorn.
11:44 of 3rd period - Stopped by David Rittich without a rebound.
11:45 of 3rd period - Dylan Larkin wins face-off versus Nazem Kadri in Montreal Canadiens zone.
11:45 of 3rd period - Dylan Larkin is hit by Joshua Morrissey.
12:11 of 3rd period - Brayden Schenn is hit by Brady Skjei and loses puck.
12:18 of 3rd period - Snap shot by Patrik Laine.
12:18 of 3rd period - Stopped by James Reimer with a rebound.
12:20 of 3rd period - Slapshot by Patrik Laine.
12:20 of 3rd period - Shot Blocked by Brayden Schenn.
12:32 of 3rd period - Damon Severson is hit by Alex Killorn and loses puck.
12:59 of 3rd period - Wrist shot by Dylan Larkin.
12:59 of 3rd period - Shot Blocked by Ivan Provorov.
13:07 of 3rd period - Vladimir Tarasenko is hit by John Tavares and loses puck.
13:18 of 3rd period - Wrist shot by Dylan Larkin.
13:18 of 3rd period - Shot Blocked by Ivan Provorov.
13:20 of 3rd period - Snap shot by Juraj Slafkovsky.
13:20 of 3rd period - Stopped by James Reimer without a rebound.
13:21 of 3rd period - Mark Scheifele wins face-off versus Teddy Blueger in Anaheim Ducks zone.
13:46 of 3rd period - J.T. Compher is hit by Jake Evans and loses puck.
13:51 of 3rd period - Wrist shot by Ryan Poehling.
13:51 of 3rd period - Stopped by James Reimer with a rebound.
13:54 of 3rd period - Icing by Jakob Chychrun.
13:55 of 3rd period - Chandler Stephenson wins face-off versus Dylan Larkin in Anaheim Ducks zone.
14:00 of 3rd period - Snap shot by J.T. Compher.
14:00 of 3rd period - Stopped by David Rittich without a rebound.
14:01 of 3rd period - Dylan Larkin wins face-off versus Nazem Kadri in Montreal Canadiens zone.
14:14 of 3rd period - Snap shot by Dylan Larkin.
14:14 of 3rd period - Stopped by James Reimer with a rebound.
14:16 of 3rd period - Snap shot by Brady Skjei.
14:16 of 3rd period - Stopped by James Reimer with a rebound.
16:41 of 3rd period - Snap shot by Luke Evangelista.
16:41 of 3rd period - Shot Misses the Net.
16:43 of 3rd period - Slapshot by Luke Evangelista.
16:43 of 3rd period - Shot Blocked by Brady Skjei.
16:45 of 3rd period - Slapshot by Ivan Provorov.
16:45 of 3rd period - Stopped by David Rittich without a rebound.
16:46 of 3rd period - Teddy Blueger wins face-off versus John Tavares in Montreal Canadiens zone.
17:30 of 3rd period - Icing by Juraj Slafkovsky.
17:31 of 3rd period - Dylan Larkin wins face-off versus Nazem Kadri in Montreal Canadiens zone.
18:14 of 3rd period - Minor Penalty to Teddy Blueger for Boarding.
18:15 of 3rd period - John Tavares wins face-off versus Andreas Athanasiou in Montreal Canadiens zone.
Goals for this period are 2 for Anaheim Ducks vs 0 for Montreal Canadiens.
Shots for this period are 11 for Anaheim Ducks vs 9 for Montreal Canadiens.
Back to the Top